TOP OF THE 1ST |
San Antonio Missions batting - Pitching for El Paso Chihuahuas : RHP Tom Smith
|
Pitching: RHP Tom Smith
|
|
Batting: LHB John Elway
|
0-0: Ball 1-0: Swinging Strike 1-1: Ball 2-1: Ball 3-1: Bunted foul 3-2: Foul Ball, location: 2F 3-2: Foul Ball, location: 2F 3-2: SOLO HOME RUN (Flyball, 9D, EV 90.6 MPH), Distance : 390 ft
|
Batting: RHB Amos Lewis
|
0-0: Ball 1-0: Called Strike 1-1: Ball 2-1: Swinging Strike 2-2: Ball 3-2: Base on Balls
|
Batting: LHB Jerold Johnston
|
Pickoff Throw to First - Out! 1-3 0-0: Foul Ball, location: 2F 0-1: Ball 1-1: Ball 2-1: Ball 3-1: Base on Balls
|
Pitching: RHP Alejandro Pena
|
|
Batting: RHB Ed Hearn
|
0-0: Called Strike Jerold Johnston is caught stealing 2nd base 2-4 0-1: SINGLE (Flyball, 8RS, EV 99.4 MPH)
|
Batting: LHB John D Morris
|
0-0: Ball 1-0: Ball 2-0: Ball 3-0: Base on Balls Ed Hearn to second
|
Batting: RHB Larry Hamilton
|
0-0: Ball 1-0: Ball 2-0: Called Strike 2-1: Ball 3-1: Called Strike 3-2: Foul Ball, location: 2F 3-2: Foul Ball, location: 2F 3-2: Base on Balls Ed Hearn to third John D Morris to second
|
Batting: RHB Tony Johnson
|
0-0: Ball 1-0: Ball 2-0: Called Strike 2-1: Foul Ball, location: 2F 2-2: Strikes out swinging
|
Top of the 1st over - 1 run, 2 hits, 0 errors, 3 left on base; San Antonio 1 - El Paso 0 |
BOTTOM OF THE 1ST |
El Paso Chihuahuas batting - Pitching for San Antonio Missions : RHP Angelo Urzua
|
Pitching: RHP Angelo Urzua
|
|
Batting: LHB Andy Van Slyke
|
0-0: Foul Ball, location: 2F 0-1: Swinging Strike 0-2: Strikes out swinging
|
Batting: RHB Julio Acevedo
|
0-0: Ball 1-0: Swinging Strike 1-1: Foul Ball, location: 2F 1-2: Ball 2-2: Foul Ball, location: 2F 2-2: Foul Ball, location: 2F 2-2: Ground out 4-3 (Groundball, 34, EV 86.3 MPH)
|
Batting: RHB Jesse Vann
|
0-0: Ball 1-0: Foul Ball, location: 2F 1-1: Foul Ball, location: 2F 1-2: Ball 2-2: Foul Ball, location: 2F 2-2: Ball 3-2: Ground out 6-3 (Groundball, 6M, EV 100.6 MPH)
|
Bottom of the 1st over - 0 runs, 0 hits, 0 errors, 0 left on base; San Antonio 1 - El Paso 0 |
TOP OF THE 2ND |
San Antonio Missions batting - Pitching for El Paso Chihuahuas : RHP Alejandro Pena
|
Batting: RHB Alex Trevino
|
0-0: Reached on error, E4 (Flyball, 34D, EV 88.8 MPH)
|
Batting: RHB Houston Jimenez
|
0-0: Called Strike 0-1: Swinging Strike 0-2: Fly out, F7 (Flyball, 7, EV 85.0 MPH)
|
Batting: LHB John Elway
|
0-0: Ball 1-0: SINGLE (Line Drive, 3D, EV 95.6 MPH) Alex Trevino to second Runner from 2nd tries for 3rd, SAFE, no throw by RF
|
Batting: RHB Amos Lewis
|
0-0: Ball John Elway steals 2nd base 1-0: Called Strike 1-1: Foul Ball, location: 2F 1-2: Fly out, F4 (Flyball, 34D, EV 78.8 MPH)
|
Batting: LHB Jerold Johnston
|
0-0: Ball 1-0: Ball 2-0: Ball 3-0: Base on Balls
|
Batting: RHB Ed Hearn
|
0-0: Ball 1-0: Ball 2-0: Ball 3-0: Called Strike 3-1: Base on Balls Alex Trevino scores John Elway to third Jerold Johnston to second
|
Batting: LHB John D Morris
|
0-0: Called Strike 0-1: Ball 1-1: Ball 2-1: Ball 3-1: Base on Balls John Elway scores Jerold Johnston to third Ed Hearn to second
|
Batting: RHB Larry Hamilton
|
0-0: Ball 1-0: Ball 2-0: SINGLE (Line Drive, 89S, EV 86.3 MPH) Jerold Johnston scores Ed Hearn to third John D Morris to second Runner from 3rd tries for Home, SAFE, throw by RF to home
|
Batting: RHB Tony Johnson
|
0-0: Ball 1-0: Called Strike 1-1: Ball 2-1: Ball 3-1: Base on Balls John D Morris to third Larry Hamilton to second
|
Batting: RHB Alex Trevino
|
0-0: Ground out 6-3 (Groundball, 6MD, EV 91.9 MPH)
|
Top of the 2nd over - 4 runs, 2 hits, 1 error, 3 left on base; San Antonio 5 - El Paso 0 |
BOTTOM OF THE 2ND |
El Paso Chihuahuas batting - Pitching for San Antonio Missions : RHP Angelo Urzua
|
Batting: LHB Jerry Littmann
|
0-0: Called Strike 0-1: Foul Ball, location: 2F 0-2: Ball 1-2: Ball 2-2: Strikes out swinging
|
Batting: RHB Bill Lyons
|
0-0: Ball 1-0: Foul Ball, location: 2F 1-1: Fly out, F8 (Flyball, 8RXD, EV 94.4 MPH)
|
Batting: LHB Dan Murphy
|
0-0: SINGLE (Flyball, 7LM, EV 86.3 MPH)
|
Batting: RHB Tom Roarke
|
0-0: Foul Ball, location: 2F 0-1: Foul Ball, location: 2F 0-2: Fly out, F3 (Line Drive, 3, EV 66.3 MPH)
|
Bottom of the 2nd over - 0 runs, 1 hit, 0 errors, 1 left on base; San Antonio 5 - El Paso 0 |
TOP OF THE 3RD |
San Antonio Missions batting - Pitching for El Paso Chihuahuas : RHP Alejandro Pena
|
Batting: RHB Houston Jimenez
|
0-0: Ball 1-0: Called Strike 1-1: Called Strike 1-2: Foul Ball, location: 2F 1-2: Ground out U3 (Groundball, 3L, EV 86.9 MPH)
|
Batting: LHB John Elway
|
0-0: Ball 1-0: Ball 2-0: Called Strike 2-1: DOUBLE (Line Drive, 7LM, EV 106.3 MPH)
|
Pitching: RHP Manuel Adams
|
|
Batting: RHB Amos Lewis
|
0-0: Ball John Elway steals 3rd base 1-0: Ball 2-0: Ball 3-0: Called Strike 3-1: Base on Balls
|
Batting: LHB Jerold Johnston
|
0-0: Called Strike 0-1: Swinging Strike 0-2: Ball 1-2: DOUBLE (Line Drive, 78D, EV 114.4 MPH) John Elway scores Amos Lewis to third Runner from 3rd tries for Home, SAFE, throw by CF to home
|
Batting: RHB Ed Hearn
|
0-0: Called Strike 0-1: Swinging Strike 0-2: SINGLE (Line Drive, 8LS, EV 108.1 MPH) Jerold Johnston to third
|
Batting: LHB John D Morris
|
0-0: Called Strike 0-1: Ball 1-1: Foul Ball, location: 2F 1-2: SINGLE (Groundball, 5S, EV 71.3 MPH) (infield hit) Jerold Johnston scores Ed Hearn to second
|
Batting: RHB Larry Hamilton
|
0-0: Ball 1-0: SINGLE (Line Drive, 9S, EV 101.9 MPH) Ed Hearn to third John D Morris to second
|
Batting: RHB Tony Johnson
|
0-0: Foul Ball, location: 2F 0-1: Ball 1-1: Ball 2-1: Fielders Choice at 2nd, 4-6 (Groundball, 4M, EV 86.3 MPH) Ed Hearn scores John D Morris to third
|
Batting: RHB Alex Trevino
|
0-0: SINGLE (Groundball, 34D, EV 98.8 MPH) John D Morris scores Tony Johnson to second
|
Batting: RHB Houston Jimenez
|
0-0: Ball 1-0: Ball 2-0: Ball 3-0: Swinging Strike 3-1: SINGLE (Groundball, 6MD, EV 98.8 MPH) Tony Johnson to third Alex Trevino to second Runner from 3rd tries for Home, SAFE, throw by CF to home
|
Pitching: RHP Russell Burgin
|
|
Batting: LHB John Elway
|
0-0: Called Strike 0-1: Ball 1-1: Called Strike 1-2: Foul Ball, location: 2F 1-2: Strikes out swinging
|
Top of the 3rd over - 6 runs, 7 hits, 0 errors, 2 left on base; San Antonio 11 - El Paso 0 |
BOTTOM OF THE 3RD |
El Paso Chihuahuas batting - Pitching for San Antonio Missions : RHP Angelo Urzua
|
Batting: RHB Leo George
|
0-0: Called Strike 0-1: Ball 1-1: Ground out 6-3 (Groundball, 56D, EV 80.6 MPH)
|
Batting: RHB William Parmenter
|
0-0: Ball 1-0: Ball 2-0: Called Strike 2-1: Called Strike 2-2: Ground out 4-3 (Groundball, 34, EV 106.9 MPH)
|
Batting: LHB Andy Van Slyke
|
0-0: Called Strike 0-1: Ball 1-1: Foul Ball, location: 2F 1-2: SINGLE (Groundball, 4MD, EV 99.4 MPH)
|
Batting: RHB Julio Acevedo
|
0-0: Called Strike 0-1: Foul Ball, location: 2F 0-2: Foul Ball, location: 2F 0-2: Ball 1-2: Foul Ball, location: 2F 1-2: Ball Andy Van Slyke steals 2nd base (no throw) 2-2: Strikes out swinging
|
Bottom of the 3rd over - 0 runs, 1 hit, 0 errors, 1 left on base; San Antonio 11 - El Paso 0 |
TOP OF THE 4TH |
San Antonio Missions batting - Pitching for El Paso Chihuahuas : RHP Russell Burgin
|
Batting: RHB Amos Lewis
|
0-0: Ball 1-0: Called Strike 1-1: Ball 2-1: Ground out 1-3 (Groundball, 15S, EV 64.4 MPH)
|
Batting: LHB Jerold Johnston
|
0-0: Ball 1-0: SINGLE (Groundball, 56D, EV 104.4 MPH)
|
Batting: RHB Ed Hearn
|
0-0: Swinging Strike 0-1: Ball 1-1: Grounds into double play, 5-4-3 (Groundball, 5, EV 104.4 MPH)
|
Top of the 4th over - 0 runs, 1 hit, 0 errors, 0 left on base; San Antonio 11 - El Paso 0 |
BOTTOM OF THE 4TH |
El Paso Chihuahuas batting - Pitching for San Antonio Missions : RHP Angelo Urzua
|
Batting: RHB Jesse Vann
|
0-0: Foul Ball, location: 2F 0-1: Foul Ball, location: 2F 0-2: Ball 1-2: Ball 2-2: Foul Ball, location: 2F 2-2: Ball 3-2: Foul Ball, location: 2F 3-2: Base on Balls
|
Batting: LHB Jerry Littmann
|
0-0: Ball 1-0: Called Strike 1-1: Ball 2-1: Fielders Choice at 2nd, 3-6 (Groundball, 3, EV 108.1 MPH)
|
Batting: RHB Bill Lyons
|
0-0: Ball 1-0: Called Strike 1-1: Swinging Strike 1-2: Ball 2-2: Ball 3-2: Strikes out swinging Jerry Littmann steals 2nd base (no throw) Batter strikes out.
|
Batting: LHB Dan Murphy
|
0-0: Called Strike 0-1: Ball 1-1: DOUBLE (Line Drive, 89D, EV 101.3 MPH) Jerry Littmann scores
|
Batting: RHB Tom Roarke
|
0-0: Called Strike 0-1: Swinging Strike 0-2: Ball 1-2: Ball 2-2: Ball 3-2: Ground out 6-3 (Groundball, 6, EV 90.0 MPH)
|
Bottom of the 4th over - 1 run, 1 hit, 0 errors, 1 left on base; San Antonio 11 - El Paso 1 |
TOP OF THE 5TH |
San Antonio Missions batting - Pitching for El Paso Chihuahuas : RHP Russell Burgin
|
Batting: LHB John D Morris
|
0-0: Ball 1-0: Foul Ball, location: 2F 1-1: Ball 2-1: Foul Ball, location: 2F 2-2: Foul Ball, location: 2F 2-2: Foul Ball, location: 2F 2-2: Ball 3-2: Base on Balls
|
Batting: RHB Larry Hamilton
|
0-0: Ball 1-0: Ball 2-0: DOUBLE (Flyball, 8RXD, EV 97.5 MPH) John D Morris to third
|
Batting: RHB Tony Johnson
|
0-0: Ball 1-0: Foul Ball, location: 2F 1-1: Ground out 4-3 (Groundball, 4, EV 80.0 MPH) John D Morris scores Larry Hamilton to third
|
Batting: RHB Alex Trevino
|
0-0: Foul Ball, location: 2F 0-1: Ground out 5-3 (Groundball, 5, EV 100.0 MPH)
|
Batting: RHB Houston Jimenez
|
0-0: Ball 1-0: Ball 2-0: Ball 3-0: Swinging Strike 3-1: Base on Balls
|
Batting: LHB John Elway
|
0-0: Called Strike 0-1: Fly out, F7 (Flyball, 7S, EV 93.1 MPH)
|
Top of the 5th over - 1 run, 1 hit, 0 errors, 2 left on base; San Antonio 12 - El Paso 1 |
BOTTOM OF THE 5TH |
El Paso Chihuahuas batting - Pitching for San Antonio Missions : RHP Angelo Urzua
|
Batting: RHB Leo George
|
0-0: SINGLE (Line Drive, 4MD, EV 101.9 MPH)
|
Batting: RHB William Parmenter
|
0-0: Ball 1-0: Swinging Strike 1-1: Ball 2-1: Foul Ball, location: 2F 2-2: Foul Ball, location: 2F 2-2: Ball 3-2: Strikes out swinging
|
Batting: LHB Andy Van Slyke
|
0-0: Ball Wild Pitch! Leo George to second 1-0: Swinging Strike 1-1: Ball 2-1: Fly out, F9 (Flyball, 9D, EV 100.0 MPH) Runner from 2nd tags up, SAFE at 3rd, no throw by RF
|
Batting: RHB Julio Acevedo
|
0-0: Swinging Strike 0-1: Fly out, F8 (Flyball, 8LD, EV 99.4 MPH)
|
Bottom of the 5th over - 0 runs, 1 hit, 0 errors, 1 left on base; San Antonio 12 - El Paso 1 |
TOP OF THE 6TH |
San Antonio Missions batting - Pitching for El Paso Chihuahuas : RHP Russell Burgin
|
Batting: RHB Amos Lewis
|
0-0: Ball 1-0: SINGLE (Groundball, 6MD, EV 94.4 MPH)
|
Batting: LHB Jerold Johnston
|
0-0: Called Strike 0-1: Ball 1-1: Fly out, F7 (Line Drive, 78M, EV 95.0 MPH)
|
Batting: RHB Ed Hearn
|
0-0: Fly out, F9 (Line Drive, 89M, EV 103.8 MPH)
|
Batting: LHB John D Morris
|
0-0: Foul Ball, location: 2F 0-1: Ball 1-1: Ball 2-1: Ball 3-1: Called Strike 3-2: Foul Ball, location: 2F 3-2: Foul Ball, location: 2F 3-2: Foul Ball, location: 2F 3-2: Base on Balls Amos Lewis to second
|
Pitching: RHP Rick DeLoach
|
|
Batting: RHB Larry Hamilton
|
0-0: Foul Ball, location: 2F 0-1: Ground out 4-3 (Groundball, 4, EV 88.1 MPH)
|
Top of the 6th over - 0 runs, 1 hit, 0 errors, 2 left on base; San Antonio 12 - El Paso 1 |
BOTTOM OF THE 6TH |
El Paso Chihuahuas batting - Pitching for San Antonio Missions : RHP Angelo Urzua
|
Batting: RHB Jesse Vann
|
0-0: Foul Ball, location: 2F 0-1: Ball 1-1: Ball 2-1: Foul Ball, location: 2F 2-2: Strikes out swinging
|
Batting: LHB Jerry Littmann
|
0-0: Foul Ball, location: 2F 0-1: Fly out, F7 (Flyball, 7LM, EV 93.1 MPH)
|
Batting: RHB Bill Lyons
|
0-0: Called Strike 0-1: Ball 1-1: Foul Ball, location: 2F 1-2: Ball 2-2: Foul Ball, location: 2F 2-2: Strikes out swinging
|
Bottom of the 6th over - 0 runs, 0 hits, 0 errors, 0 left on base; San Antonio 12 - El Paso 1 |
TOP OF THE 7TH |
San Antonio Missions batting - Pitching for El Paso Chihuahuas : RHP Rick DeLoach
|
Batting: RHB Tony Johnson
|
0-0: Ball 1-0: Fly out, F8 (Line Drive, 8LM, EV 93.1 MPH)
|
Batting: RHB Alex Trevino
|
0-0: Called Strike 0-1: Called Strike 0-2: Fly out, F9 (Line Drive, 9D, EV 108.1 MPH)
|
Pinch Hitting: RHB Alex Juarez
|
0-0: Ball 1-0: Foul Ball, location: 2F 1-1: Swinging Strike 1-2: Foul Ball, location: 2F 1-2: Strikes out swinging
|
Top of the 7th over - 0 runs, 0 hits, 0 errors, 0 left on base; San Antonio 12 - El Paso 1 |
BOTTOM OF THE 7TH |
El Paso Chihuahuas batting - Pitching for San Antonio Missions : RHP Angelo Urzua
|
Now at SS: Alex Juarez
|
|
Pinch Hitting: LHB Matthew Vejar
|
0-0: Ball 1-0: Foul Ball, location: 2F 1-1: Ball 2-1: Foul Ball, location: 2F 2-2: Fly out, F7 (Flyball, 78M, EV 79.4 MPH)
|
Batting: RHB Tom Roarke
|
0-0: Called Strike 0-1: Foul Ball, location: 2F 0-2: Strikes out swinging
|
Batting: RHB Leo George
|
0-0: Called Strike 0-1: DOUBLE (Line Drive, 5D, EV 96.9 MPH)
|
Pinch Hitting: RHB James Fabiano
|
0-0: Swinging Strike 0-1: Called Strike 0-2: Ball 1-2: Strikes out swinging
|
Bottom of the 7th over - 0 runs, 1 hit, 0 errors, 1 left on base; San Antonio 12 - El Paso 1 |
TOP OF THE 8TH |
San Antonio Missions batting - Pitching for El Paso Chihuahuas : RHP Rick DeLoach
|
Now at 2B: James Fabiano
|
|
Now in RF: Matthew Vejar
|
|
Pinch Hitting: LHB Steven Fortune
|
0-0: Foul Ball, location: 2F 0-1: Ball 1-1: Ball 2-1: Fly out, F7 (Line Drive, 7, EV 83.8 MPH)
|
Batting: RHB Amos Lewis
|
0-0: Called Strike 0-1: Foul Ball, location: 2F 0-2: Ball 1-2: SINGLE (Flyball, 3D, EV 91.9 MPH)
|
Batting: LHB Jerold Johnston
|
0-0: Ball 1-0: Ball 2-0: Foul Ball, location: 2F 2-1: Swinging Strike 2-2: Foul Ball, location: 2F 2-2: Foul Ball, location: 2F 2-2: Ball 3-2: Base on Balls Amos Lewis to second
|
Batting: RHB Ed Hearn
|
0-0: Grounds into double play, 4-6-3 (Groundball, 4, EV 98.8 MPH)
|
Top of the 8th over - 0 runs, 1 hit, 0 errors, 1 left on base; San Antonio 12 - El Paso 1 |
BOTTOM OF THE 8TH |
El Paso Chihuahuas batting - Pitching for San Antonio Missions : RHP Angelo Urzua
|
Now in CF: Steven Fortune
|
|
Batting: LHB Andy Van Slyke
|
0-0: Foul Ball, location: 2F 0-1: Ball 1-1: Ball 2-1: Ground out U3 (Groundball, 34S, EV 71.9 MPH)
|
Batting: RHB Julio Acevedo
|
0-0: Called Strike 0-1: Called Strike 0-2: Ball 1-2: Strikes out swinging
|
Batting: RHB Jesse Vann
|
0-0: SINGLE (Line Drive, 56D, EV 111.3 MPH)
|
Batting: LHB Jerry Littmann
|
0-0: Ball 1-0: Called Strike 1-1: Ground out 4-3 (Groundball, 4, EV 85.0 MPH)
|
Bottom of the 8th over - 0 runs, 1 hit, 0 errors, 1 left on base; San Antonio 12 - El Paso 1 |
TOP OF THE 9TH |
San Antonio Missions batting - Pitching for El Paso Chihuahuas : RHP Rick DeLoach
|
Batting: LHB John D Morris
|
0-0: Ball 1-0: Foul Ball, location: 2F 1-1: Foul Ball, location: 2F 1-2: Ball 2-2: Ball 3-2: Base on Balls
|
Batting: RHB Larry Hamilton
|
0-0: Called Strike 0-1: Called Strike 0-2: Ball 1-2: Fly out, F4 (Popup, 23, EV 92.5 MPH)
|
Batting: RHB Tony Johnson
|
0-0: Ball 1-0: Called Strike 1-1: Fly out, F5 (Line Drive, 5, EV 66.3 MPH)
|
Batting: RHB Alex Trevino
|
0-0: Ball 1-0: Ball Wild Pitch! John D Morris to second 2-0: Ball 3-0: Base on Balls
|
Pitching: RHP Frederick DeVito
|
|
Batting: RHB Alex Juarez
|
0-0: Ball 1-0: Foul Ball, location: 2F 1-1: Swinging Strike 1-2: Ball 2-2: Ball 3-2: Fly out, F9 (Flyball, 9S, EV 86.3 MPH)
|
Top of the 9th over - 0 runs, 0 hits, 0 errors, 2 left on base; San Antonio 12 - El Paso 1 |
BOTTOM OF THE 9TH |
El Paso Chihuahuas batting - Pitching for San Antonio Missions : RHP Angelo Urzua
|
Batting: RHB Bill Lyons
|
0-0: Ball 1-0: Ball 2-0: Ball 3-0: Called Strike 3-1: Base on Balls
|
Batting: LHB Matthew Vejar
|
0-0: Fly out, F5 (Popup, 56S, EV 78.1 MPH)
|
Batting: RHB Tom Roarke
|
0-0: Ball 1-0: Called Strike 1-1: Ball 2-1: Fly out, F9 (Flyball, 9, EV 90.6 MPH)
|
Batting: RHB Leo George
|
0-0: Fly out, F7 (Flyball, 7S, EV 89.4 MPH)
|
Bottom of the 9th over - 0 runs, 0 hits, 0 errors, 1 left on base; San Antonio 12 - El Paso 1 |
|